 Dungeon Crawl Stone Soup version 0.27.0-65-ge2af304b15 (webtiles) character file.

Game seed: 18190301204488990685

902 zsapi the Cleaver (level 8, -20/68 HPs)
             Began as a Hill Orc Fighter on Aug 18, 2021.
             Demolished by a two-headed ogre (27 damage)
             ... on level 5 of the Dungeon on Aug 19, 2021.
             The game lasted 00:36:22 (4763 turns).

zsapi the Cleaver (Hill Orc Fighter)                Turns: 4763, Time: 00:36:23

Health: -20/68     AC: 14    Str: 21    XL:     8   Next: 7%
Magic:  8/8        EV:  4    Int:  8    God:
Gold:   164        SH: 15    Dex: 10    Spells: 7/7 levels left

rFire    + . .     SeeInvis .   a - +0 war axe
rCold    + + .     Faith    .   c - +0 kite shield
rNeg     . . .     Spirit   .   b - +0 plate armour
rPois    +         Reflect  +   w - +0 helmet
rElec    +         Harm     .   (no cloak)
rCorr    +         Rampage  .   v - +0 pair of gloves
Will     .....                  (no boots)
Stlth    ..........             p - amulet of reflection
HPRegen  0.21/turn              o - ring of protection from cold
MPRegen  0.11/turn              (no ring)

@: about to teleport, resistant, weak-willed
A: no striking features
a: no special abilities


You were on level 5 of the Dungeon.
You visited 1 branch of the dungeon, and saw 5 of its levels.

You collected 164 gold pieces.

Inventory:

Hand Weapons
 a - a +0 war axe (weapon)
 k - a +0 dagger of speed
 n - a +0 short sword of speed
Missiles
 m - 85 stones
 q - 22 poisoned darts (quivered)
 z - 22 arrows
Armour
 b - a +0 plate armour (worn)
 c - a +0 kite shield (worn)
 v - a +0 pair of gloves (worn)
 w - a +0 helmet (worn)
Magical Staves
 d - a staff of air
 t - a staff of fire
Jewellery
 o - a ring of protection from cold (left hand)
 p - an amulet of reflection (around neck)
Wands
 y - a wand of flame (10)
Scrolls
 e - 3 scrolls of teleportation
 g - a scroll of noise
 i - a scroll of enchant armour {unknown}
 j - a scroll of identify
 r - 2 scrolls of blinking {unknown}
 s - a scroll of summoning {unknown}
 u - a scroll of enchant weapon {unknown}
 x - a scroll of silence {unknown}


   Skills:
 + Level 5.3 Fighting
 + Level 8.4 Axes
 + Level 0.3 Throwing
 + Level 4.2 Armour
 * Level 6.2 Shields


You had 7 spell levels left.
You didn't know any spells.
Your spell library contained the following spells:

 Spells                   Type           Power      Damage    Failure   Level
 Blink                    Tloc           N/A        N/A       100%        2
 Conjure Flame            Conj/Fire      0%         6-21      100%        3
 Gell's Gravitas          Tloc           0%         N/A       100%        3
 Ignite Poison            Fire/Tmut/Pois 0%         N/A       100%        3
 Lesser Beckoning         Tloc           0%         N/A       100%        3
 Teleport Other           Tloc           0%         N/A       100%        3
 Sticky Flame             Conj/Fire      0%         2d3       100%        4
 Manifold Assault         Tloc           0%         N/A       100%        5


Dungeon Overview and Level Annotations

Branches:
Dungeon (5/15)
 Temple: D:4-7

Altars:
Fedhas
Qazlal
Ru

Shops:
D:1 =

Annotations:
D:5 2 exclusions


Message History

* * * LOW HITPOINT WARNING * * *
You feel better.
You feel better. You block the two-headed ogre's attack.
The two-headed ogre barely misses you.
You feel protected. You block the two-headed ogre's attack.
The two-headed ogre barely misses you.
You are too injured to fight recklessly!
Cleave: a) +0 war axe
Press: ? - help, Dir - move target, f/p - two-headed ogre
Aim: a two-headed ogre, wielding two +0 giant spiked clubs (about 25% to evade your +0 war axe)
You closely miss the two-headed ogre. The two-headed ogre barely misses you.
The two-headed ogre hits you with a +0 giant spiked club!
* * * LOW HITPOINT WARNING * * *
Found 25 sling bullets and a quarterstaff.
A bullfrog zombie comes into view.
You block the bullfrog zombie's attack. You block the bullfrog zombie's attack.
You block the bullfrog zombie's attack.
As you read the scroll labelled MAURPH VENITAWI, it crumbles to dust.
You hear a loud clanging noise!
It was a scroll of noise.
You hear a shout! x4
You block the two-headed ogre's attack. x2
As you read the scroll labelled YJOFADOSOH, it crumbles to dust.
Magic quickly surges around you.
It was a scroll of vulnerability.
You block the bullfrog zombie's attack.
You block the two-headed ogre's attack. x2
As you read the scroll labelled BILULAQIA, it crumbles to dust.
It is a scroll of identify.
e - 4 scrolls of teleportation The bullfrog zombie hits you.
The two-headed ogre hits you with a +0 dire flail!
* * * LOW HITPOINT WARNING * * *
The two-headed ogre hits you with a +0 giant spiked club.
* * * LOW HITPOINT WARNING * * *
You block the two-headed ogre's attack. x2
You block the bullfrog zombie's attack.
As you read the scroll of teleportation, it crumbles to dust.
You feel strangely unstable. You block the two-headed ogre's attack.
The two-headed ogre hits you with a +0 giant spiked club!!
You die...

.# #..## #..##......# .#
##..# #.......# ##
#.'######.###..## ##
####.#(...≈####....##
.###....#.(..≈###......#
.O......#....≈##...(#...#
#########≈≈≈≈≈#...####....#
#######'.OZ# #..## ####..#
#..@### #)# ..#.....#
##.O...###### #.......##
#..##.....#.#
.........###..# ###.<..##
.###(....##..# ##.....#
##.....#..#####.....##
#........O..O.....##
....................####
...........######....#.#


You could see 2 two-headed ogres and a bullfrog zombie (weak-willed).

Vanquished Creatures
  An ogre (D:5)
  A centaur (D:5)
  A phantom (D:5)
  A water moccasin zombie (D:5)
  A water moccasin skeleton (D:5)
  A centaur zombie (D:5)
  A centaur skeleton (D:4)
  5 hounds
  A jelly (D:4)
  2 bullfrog skeletons (D:5)
  Terence (D:2)
  An iguana (D:5)
  An orc wizard (D:5)
  4 gnolls (D:2)
  10 adders
  An adder skeleton (D:2)
  A worm (D:2)
  4 orcs
  4 endoplasms
  3 giant cockroaches
  4 goblins
  3 hobgoblins
  4 jackals (D:4)
  9 kobolds
  2 quokkas
  7 ball pythons
  5 bats
  5 frilled lizards
  3 rats
87 creatures vanquished.

Vanquished Creatures (others)
  4 fungi (D:5)
  3 plants (D:5)
7 creatures vanquished.

Grand Total: 94 creatures vanquished

Notes
Turn   | Place    | Note
-------+----------+-------------------------------------------
     0 | D:1      | zsapi the Hill Orc Fighter began the quest for the Orb.
     0 | D:1      | Reached XP level 1. HP: 19/19 MP: 1/1
   257 | D:1      | Reached skill level 3 in Axes
   366 | D:1      | Found Neemmijo's Jewellery Emporium.
   377 | D:1      | Reached XP level 2. HP: 25/26 MP: 2/2
   653 | D:1      | Reached skill level 4 in Axes
   846 | D:2      | Reached XP level 3. HP: 25/33 MP: 3/3
   936 | D:2      | Reached XP level 4. HP: 7/40 MP: 4/4
  1430 | D:2      | Reached skill level 5 in Axes
  1553 | D:2      | Reached XP level 5. HP: 4/47 MP: 5/5
  1963 | D:2      | Noticed Terence
  1976 | D:2      | Killed Terence
  2375 | D:3      | Reached skill level 6 in Axes
  2812 | D:4      | Reached XP level 6. HP: 46/53 MP: 6/6
  3436 | D:5      | Entered Level 5 of the Dungeon
  3450 | D:5      | Reached skill level 7 in Axes
  3516 | D:5      | Reached XP level 7. HP: 55/60 MP: 7/7
  3657 | D:5      | Reached skill level 5 in Fighting
  3657 | D:5      | Reached skill level 5 in Shields
  3785 | D:5      | Found a sacrificial altar of Ru.
  3853 | D:5      | Reached skill level 8 in Axes
  4322 | D:5      | Noticed a two-headed ogre
  4608 | D:5      | Reached XP level 8. HP: 60/68 MP: 8/8
  4621 | D:5      | Found a stormy altar of Qazlal.
  4641 | D:5      | Found a blossoming altar of Fedhas.
  4675 | D:5      | Noticed a two-headed ogre
  4763 | D:5      | Demolished by a two-headed ogre

Illustrated notes

Levels and vault maps discovered:
D:1:      scummos_arrival_checkerplants, layout_basic, serial_forest,
          infiniplex_forest_lined_room_, infiniplex_forest_clump_tiny,
          infiniplex_forest_lined_room_, infiniplex_forest_straight_4,
          infiniplex_forest_straight_2, infiniplex_forest_clump_medium,
          serial_shops, shop
D:2:      layout_basic, uniq_terence
D:3:      layout_rooms
D:4:      layout_rooms, skrybe_limestone_x, item_on_display_b
D:5:      layout_layer_cave, grunt_temple_overflow_forces_of_nature,
          nicolae_ru_great_annihilating_truth, okawaru_altar_gauntlet_db,
          kennysheep_flooded_box, chequers_serial_rivers_room_a

Skill      XL: |  1  2  3  4  5  6  7 |
---------------+----------------------+-----
Axes           | 3 4 5 6 7 8 |  8.4
Fighting       | 4 5 |  5.3
Shields        | 4 6 |  6.2
Armour         | 4 |  4.2
Throwing       | |  0.3

Action                   |  1- 3 |  4- 6 |  7- 9 || total
-------------------------+-------+-------+-------++-------
Melee: War axe           |    52 |   166 |    87 ||   305
Throw: Dart              |       |       |     5 ||     5
  Use: Potion            |     1 |     2 |     4 ||     7
       Scroll            |       |       |     4 ||     4
 Stab: Paralysed         |       |       |     1 ||     1
Armor: Scale mail        |    38 |    17 |       ||    55
       Plate armour      |       |    37 |    26 ||    63
       Chain mail        |       |    12 |       ||    12
Dodge: Dodged            |    19 |    35 |    10 ||    64
Block: Kite shield       |    31 |   117 |    91 ||   239
       Reflection        |       |       |     5 ||     5
